 Dungeon Crawl Stone Soup version 0.30.1-9-gdf580d7c3d (webtiles) character file.

Game seed: 14438188150932837691

483 lonewolfV2 the Ducker (level 6, 0/47 HPs)
             Began as a Demonspawn Fighter on Oct 26, 2023.
             Succumbed to a water moccasin's poison
             ... on level 4 of the Dungeon.
             The game lasted 00:05:10 (3204 turns).

lonewolfV2 the Ducker (Demonspawn Fighter)          Turns: 3204, Time: 00:05:11

Health: 0/47       AC:  9    Str: 18    XL:     6   Next: 88%
Magic:  6/6        EV: 12    Int: 10    God:
Gold:   101        SH: 10    Dex: 12    Spells: 5/5 levels left

rFire   . . .        a - +0 war axe
rCold   . . .        c - +1 buckler
rNeg    . . .        l - +0 chain mail
rPois   .            (no helmet)
rElec   .            (no cloak)
rCorr   .            (no gloves)
SInv    .            (no boots)
Will    .....        f - amulet of reflection Stlth
                     (no ring)
HPRegen 0.27/turn    (no ring)
MPRegen 0.10/turn

%: reflection
@: lethally poisoned (0 -> -7)
A: repulsion field 2, weakness stinger 2
a: no special abilities


You were on level 4 of the Dungeon.
You visited 1 branch of the dungeon, and saw 4 of its levels.

You collected 101 gold pieces.

Inventory:

Hand Weapons
 a - a +0 war axe (weapon)
Armour
 c - a +1 buckler (worn)
 l - a +0 chain mail (worn)
Jewellery
 f - an amulet of reflection (around neck)
 g - a ring of magical power
 j - a +4 ring of protection
Scrolls
 b - a scroll of identify
 d - a scroll of blinking
 h - a scroll of vulnerability {unknown}
 i - 4 scrolls of amnesia
Potions
 e - a potion of haste {unknown}
 m - 2 potions of cancellation


   Skills:
 - Level 3.0 Fighting
 - Level 1.7 Axes
 + Level 4.6 Armour
 * Level 5.2 Dodging
 - Level 2.6 Shields


You had 5 spell levels left.
You didn't know any spells.
Your spell library contained the following spells:

 Spells                   Type           Power      Damage    Failure   Level
 Ensorcelled Hibernation  Hex/Ice        0%         N/A       100%        2
 Passwall                 Tmut/Erth      0%         N/A       100%        2
 Summon Guardian Golem    Hex/Summ       0%         N/A       100%        3
 Swiftness                Air            0%         N/A       100%        3
 Orb of Destruction       Conj           0%         9d5       100%        7
 Spellforged Servitor     Conj/Summ      0%         N/A       100%        7


Dungeon Overview and Level Annotations

Branches:
Dungeon (4/15)
 Temple: D:4-7

Altars:
Ashenzari
Gozag
Trog


Innate Abilities, Weirdness & Mutations

You are surrounded by a moderate repulsion field. (EV +3)
You have a tail ending in a sharp stinger.


Message History

You block the water moccasin's attack.
You hit the water moccasin.
The water moccasin is almost dead.
You feel sick.
The water moccasin bites you but does no damage.
The water moccasin misses you.
You barely miss the water moccasin.
The water moccasin is almost dead.
You feel sick.
You are no longer poisoned.
The water moccasin bites you but does no damage.
The water moccasin completely misses you.
You barely miss the water moccasin.
Your tail-slap misses the water moccasin.
The water moccasin is almost dead.
The water moccasin barely misses you. You block the water moccasin's attack.
You hit the water moccasin.
The water moccasin is almost dead.
You block the water moccasin's attack.
The water moccasin bites you but does no damage.
You barely miss the water moccasin.
Your tail-slap misses the water moccasin.
The water moccasin is almost dead.
The water moccasin bites you.
* * * LOW HITPOINT WARNING * * *
You are lethally poisoned!
The water moccasin poisons you! The water moccasin closely misses you.
You hit the water moccasin.
You kill the water moccasin!
* * * LOW HITPOINT WARNING * * *
You feel very sick.
The kobold throws a stone.
The stone closely misses you.
Your Dodging skill increases to level 5!
* * * LOW HITPOINT WARNING * * *
You feel very sick. You block the kobold's attack.
You see here a water moccasin corpse.
You slash the kobold!
You kill the kobold!
You die...

#....#.#..#.#..##.##..##.##......
#....#.#..#.#.###.#....#.#..#####
#....#.#.##.#.....#..#.#.#....#
#....#§.§.#.#..##....#.#.#.##.#
#.....§§....#..##....#.#'#.##.#
.....§§§§><.#..#######.....##.#
######§§§......#....###...###.#
#_## #####.###.#.##.###.#.....#
...8 #.# #@##.....####### ....#
#.. #)######## ....8 .... ..#
....## ##......# ...8# ......#
......# .#..### #....


There were no monsters in sight!

Vanquished Creatures
  Sigmund (D:3)
  A water moccasin (D:4)
  A howler monkey (D:4)
  An orc priest (D:4)
  5 adders
  A gnoll (D:3)
  A worm (D:3)
  4 dart slugs
  8 orcs
  11 ball pythons
  8 endoplasms
  4 giant cockroaches
  7 goblins
  6 hobgoblins
  A jackal (D:3)
  6 quokkas
  11 bats
  4 frilled lizards
  5 kobolds
  4 rats
90 creatures vanquished.

Notes
Turn   | Place    | Note
-------+----------+-------------------------------------------
     0 | D:1      | lonewolfV2 the Demonspawn Fighter began the quest for the
                  | Orb.
     0 | D:1      | Reached XP level 1. HP: 18/18 MP: 1/1
   208 | D:1      | Reached skill level 1 in Dodging
   211 | D:1      | Gained mutation: You are surrounded by a mild repulsion
                  | field. (EV +2) [demonic ancestry]
   211 | D:1      | Reached XP level 2. HP: 24/24 MP: 2/2
   601 | D:1      | Gained mutation: You have a small tail. [demonic ancestry]
   601 | D:1      | Reached XP level 3. HP: 27/29 MP: 3/3
   622 | D:1      | Reached skill level 2 in Dodging
  1633 | D:3      | Gained mutation: You are surrounded by a moderate repulsion
                  | field. (EV +3) [demonic ancestry]
  1633 | D:3      | Reached XP level 4. HP: 32/35 MP: 4/4
  1799 | D:3      | Found a broken altar of Ashenzari.
  1979 | D:3      | Reached skill level 3 in Dodging
  2123 | D:3      | Noticed Sigmund
  2159 | D:3      | Killed Sigmund
  2160 | D:3      | Reached skill level 4 in Dodging
  2160 | D:3      | Gained mutation: You have a tail ending in a sharp stinger.
                  | [demonic ancestry]
  2160 | D:3      | Reached XP level 5. HP: 19/41 MP: 5/5
  2160 | D:3      | Reached XP level 6. HP: 22/47 MP: 6/6
  2693 | D:4      | Found an opulent altar of Gozag.
  3098 | D:4      | Found a bloodstained altar of Trog.
  3181 | D:4      | Noticed a water moccasin
  3202 | D:4      | Killed a water moccasin
  3203 | D:4      | Reached skill level 5 in Dodging
  3203 | D:4      | HP: 2/47 [poisoned by a water moccasin]
  3204 | D:4      | Succumbed to a water moccasin's poison

Illustrated notes

Levels and vault maps discovered:
D:1:      wander_arrival_chamber, layout_basic
D:2:      layout_loops_ring, minmay_strange_pillars
D:3:      layout_basic, ashenzari_conservatory_becter, minmay_pentangle,
          uniq_sigmund
D:4:      layout_basic, nicolae_overflow_hidden_temple,
          mainiacjoe_overflow_surrounded_room

Skill      XL: |  1  2  3  4  5  6 |
---------------+-------------------+-----
Dodging        | 1 2 4 5 |  5.2
Armour         | 3 4 |  4.6
Fighting       | |  3.0
Axes           | |  1.7
Shields        | |  2.6

Action                     |  1- 3 |  4- 6 || total
---------------------------+-------+-------++-------
  Melee: War axe           |   130 |   122 ||   252
         Tailslap          |     2 |    12 ||    14
    Use: Scroll            |     7 |     5 ||    12
         Potion            |     1 |     5 ||     6
 Armour: Scale mail        |    67 |       ||    67
         Chain mail        |       |    60 ||    60
  Dodge: Dodged            |    97 |    48 ||   145
  Block: Buckler           |    43 |    71 ||   114
         Reflection        |       |     1 ||     1
